 Dungeon Crawl Stone Soup version 0.26-a0-778-g3fe0686644 (webtiles) character file.

Game seed: 6368679725525181877

95 reriks the Skirmisher (level 4, 0/72 HPs)
             Began as an Ogre Hunter on Nov 11, 2020.
             Succumbed to an adder's poison
             ... on level 2 of the Dungeon.
             The game lasted 00:02:08 (1244 turns).

reriks the Skirmisher (Ogre Hunter)                 Turns: 1244, Time: 00:02:08

Health: 0/72       AC: 22    Str: 17    XL:     4   Next: 65%
Magic:  4/4        EV:  1    Int: 12    God:
Gold:   46         SH:  0    Dex:  9    Spells: 3/3 levels left

rFire    . . .     SeeInvis .   a - +0 short sword
rCold    . . .     Faith    .   (no shield)
rNeg     + + +     Spirit   .   (armour currently unavailable)
rPois    +         Reflect  .   (helmet currently unavailable)
rElec    .         Harm     .   (cloak currently unavailable)
rCorr    .         Rampage  .   (gloves unavailable)
MR       .....     NoTele   +   (boots unavailable)
Stlth    +.........             (no amulet)
HPRegen  0.22/turn              l - ring of teleportation (curse)
MPRegen  0.09/turn              (no ring)

@: lethally poisoned (0 -> -5), tree-form
A: large, unfitting armour
a: no special abilities


You were on level 2 of the Dungeon.
You were a tree.
You visited 1 branch of the dungeon, and saw 2 of its levels.

You collected 46 gold pieces.

Inventory:

Hand Weapons
 a - a +0 short sword (weapon)
Missiles
 c - 3 large rocks (quivered)
 d - 2 throwing nets
 i - 5 boomerangs
Armour
 b - a +0 robe (melded)
Jewellery
 l - a cursed ring of teleportation (left branch)
Scrolls
 f - a scroll of immolation {unknown}
 g - a scroll of remove curse {unknown}
 m - a scroll of identify {unknown}
Potions
 e - a potion of lignification
 h - a potion of berserk rage {unknown}
 j - a potion of brilliance {unknown}
 k - 2 potions of heal wounds {unknown}


   Skills:
 * Level 4.3 Fighting
 + Level 4.1 Throwing
 + Level 1.2 Armour
 + Level 2.4 Dodging
 + Level 1.4 Stealth


You had 3 spell levels left.
You didn't know any spells.
Your spell library was empty.

Dungeon Overview and Level Annotations

Branches:
Dungeon (2/15)

Altars:


Innate Abilities, Weirdness & Mutations

You are too large for most types of armour.
((You have tough skin. (AC +1)))


Message History

* * * LOW HITPOINT WARNING * * *
You feel sick. The adder bites you but does no damage.
The ball python bites you but does no damage.
You barely miss the adder.
The adder is almost dead.
* * * LOW HITPOINT WARNING * * *
You feel sick. The adder bites you.
* * * LOW HITPOINT WARNING * * *
The ball python bites you but does no damage.
The adder barely misses you.
The ball python bites you but does no damage.
You hit the adder.
You kill the adder!
* * * LOW HITPOINT WARNING * * *
You feel sick. The ball python barely misses you.
* * * LOW HITPOINT WARNING * * *
You feel sick. The worm closely misses you.
It was a potion of lignification.
You turn into a tree.
Your +0 robe melds into your body.
Your roots penetrate the ground.
You die...

#... #.###.....#
#w.. #...#...... .#
##....#.#.......##.
....w.#.#.###.#>..
#.....!...# ..
###.#...#####.#
#....[........#
#.#.#(.(####..#.##.
#.#.(....w♣S.......
#....†<########.###
###.#.## #.#..
#.#.. # ##.


You could see a worm and a ball python.

Vanquished Creatures
  A scorpion (D:2)
  2 adders (D:2)
  A worm (D:2)
  A dart slug (D:1)
  A leopard gecko (D:1)
  2 giant cockroaches (D:1)
  5 goblins (D:1)
  A hobgoblin (D:1)
  A bat (D:1)
  A frilled lizard (D:1)
  4 kobolds (D:1)
  6 rats (D:1)
26 creatures vanquished.

Notes
Turn   | Place    | Note
-------+----------+-------------------------------------------
     0 | D:1      | reriks the Ogre Hunter began the quest for the Orb.
     0 | D:1      | Reached XP level 1. HP: 22/22 MP: 1/1
   241 | D:1      | Reached XP level 2. HP: 31/31 MP: 2/2
   333 | D:1      | Reached skill level 1 in Stealth
   981 | D:1      | Reached XP level 3. HP: 37/37 MP: 3/3
  1163 | D:2      | Noticed a scorpion
  1172 | D:2      | Killed a scorpion
  1172 | D:2      | Reached skill level 1 in Armour
  1172 | D:2      | Reached XP level 4. HP: 30/48 MP: 4/4
  1241 | D:2      | HP: 2/48 [adder (2)]
  1244 | D:2      | Succumbed to an adder's poison

Illustrated notes

Levels and vault maps discovered:
D:1:      dpeg_arrival_tiny_h, layout_basic
D:2:      layout_basic, chequers_temple_overflow_minitemple,
          chequers_ecumenical_altar_simple, minmay_misc_feat_rows

Skill      XL: |  1  2  3 |
---------------+----------+-----
Fighting       | 3 4 |  4.3
Dodging        | 2 |  2.4
Stealth        | 1 |  1.4
Armour         | 1 |  1.2
Throwing       | |  4.1

Action                   |  1- 3 |  4- 6 || total
-------------------------+-------+-------++-------
Melee: Short sword       |    76 |     7 ||    83
Throw: Boomerang         |    17 |     7 ||    24
       Javelin           |       |     6 ||     6
       Large rock        |       |     2 ||     2
  Use: Potion            |       |     1 ||     1
Armor: Robe              |    16 |    12 ||    28
Dodge: Dodged            |    37 |    26 ||    63

Table legend: (Time is in decaauts)
 A = Elapsed time spent in this place.
 B = Non-inter-level travel time spent in this place.
 C = Inter-level travel time spent in this place.
 D = Time resting spent in this place.
 E = Time spent auto-exploring this place.
 F = Levels seen in this place.
 G = Mean time per level.
                   A        B        C        D        E       F      G
               +--------+--------+--------+--------+--------+-----+--------+
         Total |   1257 |   1216 |     41 |    391 |    586 |   2 |  628.5 |
       Dungeon |   1257 |   1216 |     41 |    391 |    586 |   2 |  628.5 |
               +--------+--------+--------+--------+--------+-----+--------+

Top non-repeatable levels by time:
     D:1: 1170 daAuts
     D:2: 86 daAuts
